 Dungeon Crawl Stone Soup version 0.29.0-5-ge4962eb29e (webtiles) character file.

Game seed: 14388046877832654437

14 Zeldest the Trooper (level 2, 0/24 HPs)
             Began as a Mummy Chaos Knight on Aug 29, 2022.
             Was a Plaything of Xom.
             Slain by a worm (13 damage)
             ... on level 2 of the Dungeon.
             The game lasted 00:00:17 (203 turns).

Zeldest the Trooper (Mummy Chaos Knight)             Turns: 203, Time: 00:00:18

Health: 0/24       AC:  5    Str: 15    XL:     2   Next: 27%
Magic:  2/2        EV: 11    Int: 11    God:    Xom [..*...]
Gold:   0          SH:  0    Dex: 11    Spells: 1/1 levels left

rFire   x . .      SeeInvis .   a - +0 hand axe (chaos)
rCold   + . .      Faith    .   (no shield)
rNeg    + + +      Spirit   .   b - +2 leather armour
rPois   ∞          Reflect  .   (no helmet)
rElec   .          Harm     .   (no cloak)
rCorr   .          Rampage  .   (no gloves)
Will    .....                   (no boots)
Stlth   +.........              (no amulet)
HPRegen 0.08/turn               (no ring)
MPRegen 0.08/turn               (no ring)

@: no status effects
A: cold resistance 1, negative energy resistance 3, torment resistance 2, heat
vulnerability 1, no potions
a: Renounce Religion


You were on level 2 of the Dungeon.
You worshipped Xom.
You were a toy of Xom.
You visited 1 branch of the dungeon, and saw 2 of its levels.

Inventory:

Hand Weapons
 a - a +0 hand axe of chaos (weapon)
Armour
 b - a +2 leather armour (worn)
Miscellaneous
 c - a piece from Xom's chessboard (15/15) (quivered)


   Skills:
 + Level 3.2 Fighting
 * Level 2.7 Axes
 + Level 1.8 Armour
 - Level 0.7 Dodging


You had one spell level left.
You didn't know any spells.
Your spell library was empty.

Dungeon Overview and Level Annotations

Branches:
Dungeon (2/15)

Altars:

Annotations:
D:1 1 transporter


Innate Abilities, Weirdness & Mutations

You are immune to poison.
Your flesh is cold resistant. (rC+)
You are immune to negative energy. (rN+++)
You are immune to unholy pain and torment.
You are vulnerable to heat. (rF-)
You do not drink.


Message History

The endoplasm is severely wounded.
The endoplasm freezes you.
You are frozen.
You resist. The endoplasm misses you.
An endoplasm is nearby!
You barely miss the endoplasm.
The endoplasm is severely wounded.
The endoplasm freezes you.
You are frozen.
You resist.
An endoplasm is nearby!
You barely miss the endoplasm.
The endoplasm is severely wounded.
The endoplasm hits you.
You hit the endoplasm.
You kill the endoplasm!
A worm comes into view.
A worm is nearby!
A worm is nearby!
A worm is nearby!
The worm bites you but does no damage.
You hit the worm.
The worm goes berserk!
The worm is lightly wounded.
The worm bites you.
You hit the worm but do no damage. Lightning courses through the worm!!
The worm is severely wounded.
The worm barely misses you.
You hit the worm.
The worm seems to grow stronger.
The worm is severely wounded.
The worm bites you!
You hit the worm.
The worm is poisoned.
Your punch misses the worm.
The worm is almost dead.
The worm barely misses you.
You barely miss the worm.
The worm is almost dead.
The worm misses you.
You barely miss the worm.
The worm is almost dead.
The worm bites you!
Ouch! That really hurt!
You die... "This toy is broken."

... ######## #.#
#....... #.# #.######
#.# #.# #.# ##.##### #.#
#......#
.#.#####.#######..###.#
......w@..........###.##
.#...#+#...######.#.....
#. +..## #....... #.##
###..... ...# #.....
##..# #..... ##+# ##.###
#.# ###.#


You could see a worm (berserk, strong, poisoned).

Vanquished Creatures
  An adder (D:2)
  A bat (D:2)
  An endoplasm (D:2)
  A frilled lizard (D:2)
  A rat (D:2)
5 creatures vanquished.

Notes
Turn   | Place    | Note
-------+----------+-------------------------------------------
     0 | D:1      | Zeldest the Mummy Chaos Knight began the quest for the Orb.
     0 | D:1      | Reached XP level 1. HP: 18/18 MP: 1/1
    17 | D:2      | Reached XP level 2. HP: 16/24 MP: 2/2
   203 | D:2      | Slain by a worm

Illustrated notes

Levels and vault maps discovered:
D:1:      spicycebolla_arrival_transporter_tutorial, layout_basic
D:2:      kennysheep_six_static_rooms, layout_loops_corners, serial_shops,
          nicolae_shop_behind_doors

Action                   || total
-------------------------++-------
Melee: Hand axe          ||    32
Armor: Leather armour    ||    15
Dodge: Dodged            ||    21
